 Dungeon Crawl Stone Soup version 0.17.0-23-g0de4337 (console) character file.

123 gw the Cudgeler (level 4, -6/40 HPs)
             Began as a Deep Dwarf Gladiator on Nov 14, 2015.
             Mangled by an ogre
             ... wielding a +0 giant club
              (15 damage)
             ... on level 4 of the Dungeon.
             The game lasted 00:04:08 (2395 turns).

gw the Cudgeler (Deep Dwarf Gladiator)              Turns: 2395, Time: 00:04:08

Health: -6/40      AC: 10    Str: 18    XL:     4   Next: 79%
Magic:  4/4        EV: 10    Int:  9    God:
Gold:   143        SH:  0    Dex: 14    Spells: 0 memorised, 3 levels left

rFire  x . .     SeeInvis .     a - +0 flail
rCold  + + .     Clarity  .     l - +0 ice dragon armour
rNeg   . . .     SustAt   .     (no shield)
rPois  .         Gourm    .     c - +0 helmet
rElec  .         Spirit   .     (no cloak)
rCorr  .         Warding  .     (no gloves)
rMut   .         Stasis   .     (no boots)
MR     .....                    (no amulet)
Stlth  ..........               (no ring)
                                (no ring)

@: non-regenerating, not resistant to hostile enchantments, extremely unstealthy
A: damage resistance, recharge devices, sense surroundings 1, slow regeneration
3
a: Device Recharging


You were on level 4 of the Dungeon.
You were not hungry.

You visited 1 branch of the dungeon, and saw 4 of its levels.

You collected 143 gold pieces.

Inventory:

Hand Weapons
 a - a +0 flail (weapon)
Missiles
 d - 5 throwing nets
 m - 55 bolts
Armour
 c - a +0 helmet (worn)
 l - a +0 ice dragon armour (worn)
Wands
 e - a wand of heal wounds (3)
Scrolls
 b - 4 scrolls of remove curse
 i - 7 scrolls of identify
Potions
 j - 2 potions of curing
 n - a potion of poison {unknown}
Comestibles
 f - 2 bread rations
 g - a slice of pizza
 h - 3 meat rations
 k - 2 beef jerkies
 p - 5 fruits


   Skills:
 + Level 2.5 Fighting
 * Level 4.4 Maces & Flails
 - Level 1.7 Throwing
 + Level 2.1 Armour
 - Level 3.2 Dodging
 - Level 1.6 Evocations


You had 3 spell levels left.
You didn't know any spells.

Dungeon Overview and Level Annotations

Branches:
Dungeon (4/15)             Temple (0/1) D:4

Altars:
Gozag
Sif Muna

Annotations:
D:4 flyleaff's ghost, novice FoFi


Innate Abilities, Weirdness & Mutations

You are resistant to damage.
You can recharge devices by infusing magical energy.
You passively map a small area around you.
You do not regenerate naturally.


Message History

The orc wizard gestures at you while chanting.
The puff of frost hits you! The orc hits you with a flail.
Trying to move but square is occupied??
Making a random move You closely miss the orc.
The ball python bites you but does no damage.
The ball python constricts you. The adder bites you but does no damage.
The phantom hits you but does no damage.
The ogre closely misses you. The orc barely misses you.
The orc priest splashes around in the water.
The orc wizard barely misses you.
The ball python bites you but does no damage.
The ball python constricts you. The adder bites you but does no damage.
The orc hits you but does no damage. The phantom hits you.
Trying to move but square is occupied??
Making a random move You hit the ball python.
You kill the ball python!
The orc barely misses you. The ogre hits you with a giant club!
You die...

##....# #.#.## #####
##.#.# #...# ##### ...#.#
#... ...... .###.###
#..###.....# ##.....##
#..#~~~~~~~~
#.......#####..#r#.....#
............%..oW%......~,
>........#####oOgS...... ,
#.......## #.ooo..>...
##.....## #:.W.....$.
####### #..~....... ,
#.#~#.....# #.#~~~~~~~~
..###.....# #.. ,...... *
, *


You could see a phantom, an ogre, an orc priest, an orc wizard, flyleaff's
ghost, an adder, 3 orcs and a quokka.

Table legend:
 A = Turns spent in this place as a percentage of turns spent in the entire game.
 B = Non-inter-level travel turns spent in this place as a percentage of non-inter-level travel turns spent in the entire game.
 C = Inter-level travel turns spent in this place as a percentage of turns spent in this place.
 D = Turns resting spent in this place as a percentage of non-inter-level travel turns spent in this place.
 E = Turns spent auto-exploring this place as a percentage of non-inter-level travel turns spent in this place.
 F = Non-inter-level travel turns spent in this place divided by the number of levels of this place that you've seen.
                   A       B       C       D       E      F
               +-------+-------+-------+-------+-------+----------------------
         Total | 100.0 | 100.0 |   0.2 |   0.1 |   2.2 | 1135.2
       Dungeon | 100.0 | 100.0 |   0.2 |   0.1 |   2.2 | 1135.2
               +-------+-------+-------+-------+-------+----------------------

Table legend:
 A = Kills in this place as a percentage of kills in entire the game.
 B = Kills by you in this place as a percentage of kills by you in the entire game.
 C = Kills by friends in this place as a percentage of kills by friends in the entire game.
 D = Other kills in this place as a percentage of other kills in the entire game.
 E = Experience gained in this place as a percentage of experience gained in the entire game.
 F = Experience gained in this place divided by the number of levels of this place that you have seen.
                   A       B       C       D       E      F
               +-------+-------+-------+-------+-------+----------------------
         Total | 100.0 | 100.0 |  -nan |  -nan | 100.0 |  44.0
       Dungeon | 100.0 | 100.0 |  -nan |  -nan | 100.0 |  44.0
               +-------+-------+-------+-------+-------+----------------------

Vanquished Creatures
  A hound (D:4)
  4 gnolls (D:2)
  An adder (D:3)
  An ooze (D:3)
  3 worms
  2 ball pythons
  3 giant cockroaches
  6 goblins
  6 hobgoblins
  4 kobolds
  A quokka (D:2)
  2 bats
  5 giant newts
  A quokka skeleton (D:4)
  4 rats
44 creatures vanquished.

Vanquished Creatures (others)
  An orc wizard (D:3)
1 creature vanquished.

Grand Total: 45 creatures vanquished

Notes
Turn   | Place    | Note
--------------------------------------------------------------
     0 | D:1      | gw the Deep Dwarf Gladiator began the quest for the Orb.
     0 | D:1      | Reached XP level 1. HP: 19/19 MP: 1/1
   130 | D:1      | Reached skill level 1 in Evocations
   319 | D:1      | Reached XP level 2. HP: 26/26 MP: 2/2
   799 | D:2      | Reached skill level 1 in Armour
   877 | D:2      | Found a faded altar to an unknown god.
   898 | D:2      | Found an opulent altar of Gozag.
   986 | D:2      | Reached XP level 3. HP: 20/32 MP: 4/4
  1266 | D:2      | Reached XP level 4. HP: 37/39 MP: 5/5
  1474 | D:3      | Reached skill level 4 in Maces & Flails
  1813 | D:3      | Found a deep blue altar of Sif Muna.
  2164 | D:4      | Noticed an ogre
  2279 | D:4      | Noticed a phantom
  2387 | D:4      | Found a staircase to the Ecumenical Temple.
  2390 | D:4      | Noticed flyleaff's ghost (novice FoFi)
  2395 | D:4      | Mangled by an ogre

Action                   |  1- 3 |  4- 6 || total
-------------------------+-------+-------++-------
Melee: Flail             |    98 |    68 ||   166
 Abil: Device Recharging |       |     1 ||     1
Evoke: Wand              |     1 |     4 ||     5
  Use: Scroll            |     3 |     3 ||     6
       Potion            |     1 |     3 ||     4
  Eat: Chunk             |     1 |     2 ||     3
       Bread ration      |       |     1 ||     1

Vault maps used:
D:1:      minmay_arrival_four_loops, due_unseen_surprise
D:2:      grunt_gozag_statues, nicolae_overflow_hidden_temple,
          ecumenical_altar_2
D:3:      tgw_sif
D:4:      minmay_temple_entry_water_ring
